 Dungeon Crawl Stone Soup version 0.20.1-1-g8b1a95d (webtiles) character file.

154 Inarius the Grave Robber (level 5, -15/41 HPs)
             Began as a Hill Orc Necromancer on July 3, 2017.
             Demolished by an ogre
             ... wielding a +0 giant club
              (28 damage)
             ... on level 4 of the Dungeon.
             The game lasted 00:10:43 (3115 turns).

Inarius the Grave Robber (Hill Orc Necromancer)     Turns: 3115, Time: 00:10:43

Health: -15/41     AC:  4    Str: 15    XL:     5   Next: 35%
Magic:  1/8        EV: 12    Int: 16    God:
Gold:   140        SH:  0    Dex: 11    Spells: 4/9 levels left

rFire    . . .     SeeInvis .   l - +1 long sword
rCold    . . .     Gourm    .   (no shield)
rNeg     . . .     Faith    .   a - +1 robe
rPois    .         Spirit   .   (no helmet)
rElec    .         Reflect  .   (no cloak)
rCorr    .         Harm     .   (no gloves)
MR       .....                  q - +0 pair of boots
Stlth    ++........             (no amulet)
Regen    0.2/turn               h - ring of wizardry
MPRegen  0.2/turn               f - +4 ring of strength

@: drained
A: no striking features
a: no special abilities


You were on level 4 of the Dungeon.
You were hungry.

You visited 1 branch of the dungeon, and saw 4 of its levels.

You collected 140 gold pieces.

Inventory:

Hand Weapons
 k - a +0 club
 l - a +1 long sword (weapon)
Armour
 a - a +1 robe (worn)
 g - a +0 leather armour
 q - a +0 pair of boots (worn)
 t - a +0 chain mail
Jewellery
 f - a +4 ring of strength (right hand)
 h - a ring of wizardry (left hand)
 s - an uncursed ring of stealth {unknown}
Scrolls
 n - a scroll of magic mapping
 p - a scroll of enchant armour
 u - a scroll of recharging {unknown}
Potions
 i - 3 potions of lignification
 j - a potion of brilliance
 r - 2 potions of mutation
Books
 b - a book of Necromancy

   Spells                             Type                      Level
   a - Pain                           Necromancy                   1
   b - Animate Skeleton               Necromancy                   1
   c - Vampiric Draining              Necromancy                   3
   d - Regeneration                   Charms/Necromancy            3
   e - Animate Dead                   Necromancy                   4
   f - Control Undead                 Necromancy                   4
 o - a book of Misfortune

   Spells                             Type                      Level
   a - Confusing Touch                Hexes                        1
   b - Confuse                        Hexes                        3
   c - Gell's Gravitas                Translocation                3
   d - Petrify                        Transmutation/Earth          4
   e - Metabolic Englaciation         Hexes/Ice                    5
   f - Yara's Violent Unravelling     Hexes/Transmutation          5
Comestibles
 c - 3 bread rations
 m - 2 fruits


   Skills:
 * Level 2.0(1.8) Fighting
 * Level 1.5(1.3) Armour
 - Level 1.5(1.3) Dodging
 - Level 1.5(1.3) Stealth
 + Level 2.5(2.2) Spellcasting
 + Level 0.1(0.0) Charms
 + Level 5.2(4.9) Necromancy


You had 4 spell levels left.
You knew the following spells:

 Your Spells              Type           Power        Failure   Level  Hunger
a - Pain                  Necr           ###.         1%          1    #......
b - Animate Skeleton      Necr           N/A          1%          1    #......
c - Regeneration          Chrm/Necr      #.........   9%          3    ###....


Dungeon Overview and Level Annotations

Branches:
Dungeon (4/15)
 Temple: D:4-7

Altars:
Ru

Annotations:
D:3 Quirk's ghost, amateur DsCK


Message History

The ogre barely resists.
Casting: Pain
Confirm with . or Enter, or press ? or * to list all spells.
Aiming: Pain
Press: ? - help, Shift-Dir - straight line, f/p - ogre
Aim: an ogre, wielding a giant club (severely wounded, chance to defeat MR: 76%)
The ogre writhes in agony!
The ogre barely misses you.
You riposte.
You barely miss the ogre.
The ogre is severely wounded.
You hit the ogre.
The ogre is almost dead.
The ogre hits you with a giant club.
* * * LOW HITPOINT WARNING * * *
You hit the ogre.
The ogre is almost dead.
The ogre hits you with a giant club!
* * * LOW HITPOINT WARNING * * *
You feel better. The ogre hits you with a giant club!!
Ouch! That really hurt!
You die...

#....... . ..>....
.. #.....#
#########.###.....#
#..<....#..........
#.......## #.......
#.@O.....###.......
#.........###......
#.......#..........
#####......>.......
#..............
####...........
#...........
#...........
#...........


You could see an ogre.

Vanquished Creatures
  An orc wizard (D:3)
  Terence (D:3)
  A worker ant (D:4)
  2 adders
  A dart slug (D:1)
  3 leopard geckos
  3 orcs (D:3)
  2 giant cockroaches
  4 goblins
  5 hobgoblins (D:1)
  6 kobolds
  5 quokkas
  A bat (D:1)
  6 frilled lizards
  6 rats
47 creatures vanquished.

Vanquished Creatures (collateral kills)
  A bat (D:3)
1 creature vanquished.

Vanquished Creatures (others)
  5 toadstools (D:1)
5 creatures vanquished.

Grand Total: 53 creatures vanquished

Notes
Turn   | Place    | Note
-------+----------+-------------------------------------------
     0 | D:1      | Inarius the Hill Orc Necromancer began the quest for the Orb.
     0 | D:1      | Reached XP level 1. HP: 14/14 MP: 3/3
    23 | D:1      | Learned a level 1 spell: Animate Skeleton
   402 | D:1      | Reached XP level 2. HP: 18/20 MP: 1/4
  1281 | D:1      | Reached skill level 1 in Fighting
  1339 | D:2      | Found a sacrificial altar of Ru.
  1344 | D:2      | Reached XP level 3. HP: 26/28 MP: 2/5
  2059 | D:3      | Learned a level 3 spell: Regeneration
  2188 | D:3      | Noticed Quirk's ghost (amateur DsCK)
  2326 | D:3      | Noticed Terence
  2347 | D:3      | Killed Terence
  2347 | D:3      | Reached skill level 1 in Armour
  2347 | D:3      | Reached XP level 4. HP: 16/36 MP: 0/7
  2640 | D:3      | Reached skill level 5 in Necromancy
  2640 | D:3      | Reached XP level 5. HP: 22/41 MP: 1/8
  2862 | D:4      | Noticed an ogre
  3113 | D:4      | HP: 2/41 [ogre/giant club (9)]
  3115 | D:4      | Demolished by an ogre

Skill      XL: |  1  2  3  4  5 |
---------------+----------------+-----
Fighting       | 1 2 |  2.0
Armour         | 1 |  1.5
Spellcasting   | 2 |  2.5
Necromancy     | 5 |  5.2
Dodging        | |  1.5
Stealth        | |  1.5
Charms         | |  0.1

Action                   |  1- 3 |  4- 6 || total
-------------------------+-------+-------++-------
Melee: Unarmed           |    18 |       ||    18
       Club              |    12 |       ||    12
       Long sword        |    12 |    12 ||    24
       Short sword       |     3 |       ||     3
 Cast: Pain              |    49 |    26 ||    75
       Animate Skeleton  |    17 |     3 ||    20
       Regeneration      |       |     1 ||     1
  Use: Scroll            |    11 |     1 ||    12
       Potion            |       |     2 ||     2
 Stab: Sleeping          |     1 |       ||     1
       Distracted        |       |     1 ||     1
  Eat: Chunk             |     6 |     2 ||     8
Armor: Robe              |    14 |     4 ||    18
Dodge: Dodged            |    39 |    12 ||    51
       Rpst.: Long sword |       |     7 ||     7
